 Dungeon Crawl Stone Soup version 0.23.2-30-g0e89c35649 (webtiles) character file.

Game seed: 8924629026467878013

1392 doot the Caller (level 8, -4/45 HPs)
             Began as a Tengu Summoner on June 14, 2019.
             Slain by an orc warrior
             ... wielding a +0 halberd
              (17 damage)
             ... on level 6 of the Dungeon.
             The game lasted 00:11:00 (5913 turns).

doot the Caller (Tengu Summoner)                    Turns: 5913, Time: 00:11:00

Health: -4/45      AC:  4    Str:  9    XL:     8   Next: 68%
Magic:  7/16       EV: 16    Int: 16    God:
Gold:   84         SH:  5    Dex: 16    Spells: 2/16 levels left

rFire    . . .     SeeInvis .   s - +3 quarterstaff (chaos)
rCold    . . .     Gourm    .   (shield currently unavailable)
rNeg     . . .     Faith    .   a - +0 robe
rPois    .         Spirit   .   (helmet restricted)
rElec    .         Reflect  +   h - +0 cloak
rCorr    .         Harm     .   u - +0 pair of gloves
MR       .....                  (boots unavailable)
Stlth    +++.......             v - +5 amulet of reflection
HPRegen  0.15/turn              (no ring)
MPRegen  0.15/turn              (no ring)

@: flying quickly and evasively, quick
A: beak, talons 3, able to fly
a: Stop Flying


You were on level 6 of the Dungeon.
You were not hungry.

You visited 1 branch of the dungeon, and saw 6 of its levels.

You collected 349 gold pieces.
You spent 265 gold pieces at shops.

Inventory:

Hand Weapons
 b - a +0 dagger
 o - a +0 hand axe
 s - a +3 quarterstaff of chaos (weapon)
Missiles
 e - a throwing net (quivered)
 A - 2 silver javelins
Armour
 a - a +0 robe (worn)
 h - a +0 cloak (worn)
 u - a +0 pair of gloves (worn)
Jewellery
 v - a +5 amulet of reflection (around neck)
 z - an uncursed ring of poison resistance {unknown}
Wands
 y - a wand of random effects (17)
Scrolls
 d - a scroll of blinking {unknown}
 f - 5 scrolls of fog {unknown}
 m - 9 scrolls of identify {unknown}
 n - 4 scrolls of remove curse
 p - a scroll of immolation {unknown}
 r - 3 scrolls of teleportation
 w - a scroll of enchant weapon {unknown}
 x - 2 scrolls of magic mapping
 B - a scroll of vulnerability {unknown}
 C - a scroll of fear
 D - a scroll of enchant armour
 E - a scroll of summoning {unknown}
Potions
 g - 2 potions of mutation {unknown}
 i - 2 potions of lignification {unknown}
 j - a potion of flight {unknown}
 k - a potion of cancellation {unknown}
 l - a potion of berserk rage {unknown}
 q - 4 potions of curing
 t - 2 potions of degeneration {unknown}
Comestibles
 c - 3 rations
 F - 7 chunks of flesh


   Skills:
 + Level 2.4 Fighting
 + Level 0.8 Short Blades
 + Level 1.4 Axes
 + Level 5.1 Staves
 + Level 3.4 Dodging
 + Level 4.3 Stealth
 + Level 4.6 Spellcasting
 + Level 7.8 Summonings
 + Level 2.0 Air Magic
 + Level 0.1 Evocations


You had 2 spell levels left.
You knew the following spells:

 Your Spells              Type           Power        Failure   Level  Hunger
a - Summon Small Mammal   Summ           ####         1%          1    None
b - Call Imp              Summ           ####....     1%          2    ##.....
c - Call Canine Familiar  Summ           ####....     1%          3    ###....
d - Summon Lightning Spi  Summ/Air       ###.....     21%         4    ####...
e - Summon Ice Beast      Ice/Summ       ###.....     30%         4    ####...

Your spell library contained the following spells:

 Spells                   Type           Power        Failure   Level  Hunger
 Corona                   Hex            #......      16%         1    None
 Ensorcelled Hibernation  Hex/Ice        #.....       24%         2    ##.....
 Summon Guardian Golem    Hex/Summ       ###.....     10%         3    ###....
 Confuse                  Hex            #.......     43%         3    ###....
 Dazzling Spray           Conj/Hex       #.....       43%         3    ###....
 Tukima's Dance           Hex            #.......     43%         3    ###....


Dungeon Overview and Level Annotations

Branches:
Dungeon (6/15)
 Temple: D:4-7

Altars:
Dithmenos
Elyvilon
Fedhas
Makhleb
Trog
Uskayaw
Zin

Shops:
D:5 ?


Innate Abilities, Weirdness & Mutations

You have a beak for a mouth.
You have claws for feet.
You can fly continuously.


Message History

Anything else - Cancel.
Guard this area!
Your hound bites the orc warrior but does no damage.
An adder comes into view.
Your hound barely misses the orc warrior.
The adder moves out of view.
Your hound barely misses the orc warrior. x2
Your hound bites the orc warrior but does no damage.
The orc warrior hits you with a +0 halberd!
Your magical contamination has completely faded away.
You closely miss the orc warrior.
You peck the orc warrior, but do no damage.
Your hound bites the orc warrior. x2
The orc warrior hits you with a +0 halberd!
* * * LOW HITPOINT WARNING * * *
You hit the orc warrior.
You feel better.
You peck the orc warrior.
The orc warrior is heavily wounded.
Your hound barely misses the orc warrior.
The orc warrior hits you with a +0 halberd!
You die...

###.)÷.......#
#....##.......####
#[##.###..>.......
#. #..####....#..#
#.
##..##..##......
#. ##.##.## ..####
#.###.....# .##
##.###..#.h...##
#.......@o÷##.#
###.##..##........
#...######.#.
...#.# ... #... ..
... ..... .## ###
####.. .# #.# .#


You could see an orc warrior and a friendly hound.

Vanquished Creatures
  Prince Ribbit (D:6)
  Sigmund (D:3)
  A phantom (D:6)
  A bullfrog (D:6)
  2 scorpions
  A crimson imp (D:3)
  A hound (D:6)
  A bullfrog skeleton (D:5)
  Crazy Yiuf (D:3)
  An orc priest (D:4)
  Natasha (twice) (D:4)
  A worker ant (D:5)
  A hound skeleton (D:6)
  4 gnolls (D:3)
  4 adders
  An ooze (D:3)
  2 worms
  5 leopard geckos
  3 bats
  2 giant cockroaches
  4 goblins
  4 hobgoblins
  10 jackals
  5 kobolds
  A quokka (D:6)
  A ball python (D:3)
  2 frilled lizards (D:2)
  2 quokka skeletons
  3 rats
68 creatures vanquished.

Vanquished Creatures (collateral kills)
  Eustachio (D:4)
  Edmund (D:6)
  An ice beast (D:5)
  An orc warrior (D:6)
  2 scorpions
  An orc priest (D:6)
  An orc wizard (D:6)
  A bullfrog skeleton (D:5)
  An iguana (D:4)
  A worker ant (D:4)
  Natasha (D:4)
  2 gnolls (D:3)
  2 adders
  3 worms (D:2)
  A leopard gecko (D:5)
  6 orcs
  A giant cockroach (D:5)
  3 goblins
  2 hobgoblins
  4 jackals
  2 kobolds
  A quokka (D:4)
  2 rats
41 creatures vanquished.

Vanquished Creatures (others)
  A sky beast (D:5)
1 creature vanquished.

Grand Total: 110 creatures vanquished

Notes
Turn   | Place    | Note
-------+----------+-------------------------------------------
     0 | D:1      | doot the Tengu Summoner began the quest for the Orb.
     0 | D:1      | Reached XP level 1. HP: 10/10 MP: 4/4
   115 | D:1      | Reached skill level 5 in Summonings
   213 | D:1      | Reached XP level 2. HP: 15/15 MP: 6/6
   217 | D:1      | Learned a level 2 spell: Call Imp
   961 | D:2      | Found a bloodstained altar of Trog.
   961 | D:2      | Found a blossoming altar of Fedhas.
   966 | D:2      | Found a hide-covered altar of Uskayaw.
  1175 | D:2      | Reached XP level 3. HP: 17/19 MP: 7/7
  1180 | D:2      | Learned a level 3 spell: Call Canine Familiar
  1891 | D:3      | Found a blossoming altar of Fedhas.
  1952 | D:3      | Found a runed translucent door.
  1953 | D:3      | Noticed Crazy Yiuf
  2007 | D:3      | Killed Crazy Yiuf
  2007 | D:3      | Reached XP level 4. HP: 13/24 MP: 5/8
  2181 | D:3      | Noticed Sigmund
  2201 | D:3      | Killed Sigmund
  2201 | D:3      | Reached skill level 1 in Fighting
  2201 | D:3      | Reached skill level 1 in Axes
  2201 | D:3      | Reached skill level 6 in Summonings
  2201 | D:3      | Gained mutation: You can fly continuously. [Tengu growth]
  2201 | D:3      | Reached XP level 5. HP: 22/29 MP: 7/9
  2422 | D:3      | HP: 1/29 [gnoll/+0 spear (8)]
  2994 | D:3      | Found a white marble altar of Elyvilon.
  3044 | D:3      | Reached skill level 1 in Staves
  3046 | D:3      | Reached XP level 6. HP: 34/34 MP: 11/11
  3146 | D:3      | Found a burning altar of Makhleb.
  3253 | D:3      | Learned a level 4 spell: Summon Lightning Spire
  3263 | D:4      | Noticed Natasha
  3277 | D:4      | Killed Natasha
  3382 | D:4      | Noticed Natasha
  3389 | D:4      | Killed Natasha
  3431 | D:4      | Noticed Natasha
  3450 | D:4      | Killed Natasha
  3730 | D:4      | Found a shadowy altar of Dithmenos.
  3895 | D:4      | Noticed Eustachio
  3906 | D:4      | Killed Eustachio
  3906 | D:4      | Reached XP level 7. HP: 40/40 MP: 12/12
  3913 | D:4      | Found a glowing silver altar of Zin.
  4015 | D:4      | Found a burning altar of Makhleb.
  4198 | D:5      | Entered Level 5 of the Dungeon
  4839 | D:5      | Found Qeschya's Magic Scroll Shoppe.
  4847 | D:5      | Bought a scroll of magic mapping for 45 gold pieces
  4847 | D:5      | Bought a scroll of fear for 45 gold pieces
  4847 | D:5      | Bought a scroll of teleportation for 39 gold pieces
  4847 | D:5      | Bought a scroll of remove curse for 39 gold pieces
  4847 | D:5      | Bought a scroll of enchant armour for 97 gold pieces
  4868 | D:5      | Reached skill level 7 in Summonings
  5081 | D:5      | Reached XP level 8. HP: 44/44 MP: 13/15
  5087 | D:5      | Learned a level 4 spell: Summon Ice Beast
  5269 | D:6      | Noticed Edmund
  5284 | D:6      | Killed Edmund
  5863 | D:6      | Noticed Prince Ribbit
  5869 | D:6      | Reached skill level 1 in Air Magic
  5876 | D:6      | Killed Prince Ribbit
  5876 | D:6      | Reached skill level 5 in Staves
  5913 | D:6      | Slain by an orc warrior

Skill      XL: |  1  2  3  4  5  6  7  8 |
---------------+-------------------------+-----
Summonings     | 5 6 7 |  7.8
Fighting       | 1 2 |  2.4
Axes           | 1 |  1.4
Stealth        | 3 4 |  4.3
Staves         | 1 3 4 5 |  5.1
Dodging        | 3 |  3.4
Spellcasting   | 3 4 |  4.6
Air Magic      | 2 |  2.0
Short Blades   | |  0.8
Evocations     | |  0.1

Action                   |  1- 3 |  4- 6 |  7- 9 || total
-------------------------+-------+-------+-------++-------
Melee: Dagger            |    82 |       |       ||    82
       Kick              |    13 |    25 |    12 ||    50
       Peck              |    15 |     8 |     8 ||    31
       Hand axe          |    24 |       |       ||    24
       Quarterstaff      |       |    89 |    58 ||   147
Throw: Throwing net      |       |     1 |       ||     1
 Cast: Summon Small Mamm |     5 |       |       ||     5
       Call Imp          |     4 |     5 |     2 ||    11
       Call Canine Famil |     4 |     8 |    13 ||    25
       Summon Lightning  |       |       |     6 ||     6
 Abil: Fly               |       |     1 |       ||     1
Evoke: Wand              |       |     1 |       ||     1
  Use: Potion            |     1 |       |       ||     1
 Stab: Sleeping          |     4 |     6 |     3 ||    13
       Distracted        |     1 |       |     1 ||     2
       Paralysed         |       |     4 |     1 ||     5
  Eat: Chunk             |     4 |     7 |     6 ||    17
       Ration            |       |       |     1 ||     1
Armor: Robe              |    22 |     6 |     3 ||    31
Dodge: Dodged            |    79 |    61 |    35 ||   175
Block: Other             |       |    11 |    14 ||    25
